[Event "13th Senioren-Cup Tegernsee 2025"]
[Site "Rottach-Egern"]
[Date "2025.03.31"]
[Round "3.1"]
[White "Schneider-Zinner, Harald"]
[Black "Schulz, Michael"]
[Result "1-0"]
[Annotator "RC"]
[ECO "D30"]
[WhiteElo "2327"]
[BlackElo "2070"]
[PlyCount "49"]
[EventDate "2025.03.25"]
[EventType "swiss"]
[EventCountry "GER"]
[SourceTitle "playchess.com"]
[Source "ChessBase"]
[SourceQuality "1"]
[TimeControl "9000+30"]

1. Nf3 d5 2. c4 c6 3. d4 e6 4. Qc2 Bd6 5. Bg5 Ne7 6. e3 f6 7. Bh4 Nd7 8. Bg3 e5 9. Nc3 Qa5 10. Bd3 dxc4 11. Bxc4 Nd5 12. Bxd5 cxd5 13. Rd1 O-O 14. O-O Nb6 15. dxe5 Bb4 16. exf6 Rxf6 17. Be5 Rc6 18. Qb3 Bxc3 19. Bxc3 Qc5 20. Bd4 Qe7 21. Bxb6 Rxb6 22. Qxd5+ Be6 23. Qe5 Qb4 24. b3 Rc8 25. Ng5 1-0

[Event "13th Senioren-Cup Tegernsee 2025"]
[Site "Rottach-Egern"]
[Date "2025.03.31"]
[Round "3.2"]
[White "Belke, Frank"]
[Black "Templin, Klaus Dieter"]
[Result "1-0"]
[Annotator "RC"]
[ECO "D92"]
[WhiteElo "2235"]
[BlackElo "2039"]
[PlyCount "87"]
[EventDate "2025.03.25"]
[EventType "swiss"]
[EventCountry "GER"]
[SourceTitle "playchess.com"]
[Source "ChessBase"]
[SourceQuality "1"]
[TimeControl "9000+30"]

1. d4 Nf6 2. c4 g6 3. Nc3 d5 4. Nf3 Bg7 5. Bf4 O-O 6. Rc1 dxc4 7. e4 a6 8. Bxc4 Bg4 9. Be2 c5 10. d5 Nbd7 11. h3 Bxf3 12. Bxf3 Ne8 13. O-O Ne5 14. Be2 Nd6 15. Bg3 b5 16. Qc2 f5 17. f3 Nec4 18. Bxc4 Nxc4 19. Rce1 f4 20. Bf2 Rc8 21. Nd1 Qd6 22. a4 Ne5 23. axb5 axb5 24. Nc3 Qd7 25. Ra1 Nc4 26. Rfb1 Bd4 27. Ne2 Bxf2+ 28. Kxf2 Ne5 29. Qc3 Qd6 30. Ra7 b4 31. Qd2 Rc7 32. Rxc7 Qxc7 33. Kg1 g5 34. b3 h5 35. Kh1 Qd6 36. Ra1 g4 37. Ng1 Qd7 38. Ra6 Kh7 39. Re6 Qc7 40. fxg4 hxg4 41. Qe1 Ng6 42. e5 f3 43. gxf3 gxf3 44. Qe4 1-0

[Event "13th Senioren-Cup Tegernsee 2025"]
[Site "Rottach-Egern"]
[Date "2025.03.31"]
[Round "3.3"]
[White "Oechslein, Rainer"]
[Black "Hess, Christian"]
[Result "0-1"]
[Annotator "RC"]
[ECO "C13"]
[WhiteElo "2070"]
[BlackElo "2168"]
[PlyCount "126"]
[EventDate "2025.03.25"]
[EventType "swiss"]
[EventCountry "GER"]
[SourceTitle "playchess.com"]
[Source "ChessBase"]
[SourceQuality "1"]
[TimeControl "9000+30"]

1. e4 e6 2. d4 d5 3. Nc3 Nf6 4. Bg5 dxe4 5. Nxe4 Be7 6. Bxf6 Bxf6 7. Nf3 O-O 8. Qd2 Nd7 9. O-O-O b6 10. Bd3 Bb7 11. Qf4 Be7 12. Kb1 c5 13. dxc5 Qb8 14. Qxb8 Raxb8 15. cxb6 Nxb6 16. Rhe1 Na4 17. Bb5 Nxb2 18. Rd7 Bxe4 19. Rxe4 Bf6 20. Rb4 a5 21. Rb3 a4 22. Rxb2 Bxb2 23. c4 a3 24. Kc2 Rfc8 25. Kb3 Rd8 26. Rxd8+ Rxd8 27. c5 Rc8 28. Kc4 Kf8 29. Bd7 Rc7 30. c6 Ke7 31. Nd2 f5 32. Kb3 e5 33. f3 Bc1 34. Nc4 e4 35. fxe4 fxe4 36. Kc2 Bf4 37. g3 Bd6 38. Nb6 Kd8 39. Nd5 Ra7 40. Bf5 Ra5 41. Bxe4 Rc5+ 42. Kd3 Rxc6 43. Bxh7 Rc1 44. Ne3 Rh1 45. Ng4 Bxg3 46. Be4 Rd1+ 47. Ke2 Re1+ 48. Kf3 Bd6 49. Bd5 Rd1 50. Bg8 Rd3+ 51. Kg2 Kc7 52. Be6 Kb6 53. Kf2 Kc5 54. Ke2 Rh3 55. Kf2 Rc3 56. Kg2 Kb4 57. Kg1 Rd3 58. Kg2 Kc3 59. Nf2 Rd2 60. Kf3 Rd4 61. h3 Kb2 62. Ke3 Rh4 63. Ne4 Rh6 0-1

[Event "13th Senioren-Cup Tegernsee 2025"]
[Site "Rottach-Egern"]
[Date "2025.03.31"]
[Round "3.4"]
[White "Cordts, Ingo"]
[Black "Ernst, Michael"]
[Result "1-0"]
[Annotator "RC"]
[ECO "D23"]
[WhiteElo "2151"]
[BlackElo "2035"]
[PlyCount "102"]
[EventDate "2025.03.25"]
[EventType "swiss"]
[EventCountry "GER"]
[SourceTitle "playchess.com"]
[Source "ChessBase"]
[SourceQuality "1"]
[TimeControl "9000+30"]

1. Nf3 d5 2. d4 Nf6 3. c4 c6 4. Qc2 dxc4 5. Qxc4 Bf5 6. Nc3 e6 7. g3 h6 8. Bg2 Nbd7 9. O-O Be7 10. e3 O-O 11. Qe2 Ne4 12. Nd2 Nxd2 13. Bxd2 e5 14. d5 cxd5 15. Nxd5 Nf6 16. Nxe7+ Qxe7 17. Qb5 Rfd8 18. Bb4 Qe8 19. Qxe8+ Rxe8 20. Rfc1 Be4 21. Bxe4 Nxe4 22. Rc7 a5 23. Be7 b6 24. Rd1 Rec8 25. Rxc8+ Rxc8 26. Rd8+ Rxd8 27. Bxd8 Nc5 28. Bxb6 Na4 29. Bxa5 Nxb2 30. e4 f6 31. Kf1 Kf7 32. Ke2 h5 33. Bc3 Na4 34. Kd3 Nc5+ 35. Ke3 Ke6 36. f4 exf4+ 37. gxf4 g6 38. Bd4 Na6 39. a4 Nb4 40. a5 f5 41. Bc3 Na6 42. Kd4 fxe4 43. Kxe4 Nb8 44. Kd4 Kf5 45. Kd5 h4 46. h3 Na6 47. Bd2 Nb8 48. Kd6 Ke4 49. Kc7 Na6+ 50. Kb6 Nb8 51. Kb7 Nd7 1-0

[Event "13th Senioren-Cup Tegernsee 2025"]
[Site "Rottach-Egern"]
[Date "2025.03.31"]
[Round "3.5"]
[White "Kolthoff, Siegmund"]
[Black "Nikolov, Jordan"]
[Result "1-0"]
[Annotator "NA RC"]
[ECO "A21"]
[WhiteElo "2121"]
[BlackElo "1968"]
[PlyCount "85"]
[EventDate "2025.03.25"]
[EventType "swiss"]
[EventCountry "GER"]
[SourceTitle "playchess.com"]
[Source "ChessBase"]
[SourceQuality "1"]
[TimeControl "9000+30"]

1. c4 e5 2. Nc3 Bb4 3. Nd5 Be7 4. d3 Nf6 5. Nxe7 Qxe7 6. e3 Nc6 7. Be2 O-O 8. Nf3 d5 9. cxd5 Nxd5 10. O-O Be6 11. a3 Rfd8 12. Qc2 a5 13. b3 f6 14. Bb2 Rac8 15. Nd2 Qf7 16. Ne4 Nce7 17. Nc5 b6 18. Nxe6 Qxe6 19. Qc4 c5 20. Bg4 f5 21. Bh3 Nc7 22. Bxe5 b5 23. Qc3 b4 24. Qc4 Qxc4 25. dxc4 Rd3 26. axb4 cxb4 27. Rfd1 Rxd1+ 28. Rxd1 Ne6 29. Rd7 Rd8 30. Rxd8+ Nxd8 31. Bd6 Ndc6 32. g4 a4 33. bxa4 Nc8 34. Bc5 b3 35. Bf1 Ne5 36. Ba3 fxg4 37. c5 Kf7 38. Be2 Ke7 39. Bb2 Nf3+ 40. Kg2 Ne1+ 41. Kg3 h5 42. Bxg7 Na7 43. Bc3 1-0

[Event "13th Senioren-Cup Tegernsee 2025"]
[Site "Rottach-Egern"]
[Date "2025.03.31"]
[Round "3.6"]
[White "Kirszenberg, Marc"]
[Black "Schrems, Hermann"]
[Result "1/2-1/2"]
[Annotator "RC"]
[ECO "D25"]
[WhiteElo "2066"]
[BlackElo "2114"]
[PlyCount "21"]
[EventDate "2025.03.25"]
[EventType "swiss"]
[EventCountry "GER"]
[SourceTitle "playchess.com"]
[Source "ChessBase"]
[SourceQuality "1"]
[TimeControl "9000+30"]

1. d4 d5 2. Nf3 Nf6 3. c4 dxc4 4. e3 Bg4 5. Bxc4 e6 6. O-O Nbd7 7. h3 Bh5 8. Nc3 Bb4 9. a3 Bxc3 10. bxc3 O-O 11. Bd3 1/2-1/2

[Event "13th Senioren-Cup Tegernsee 2025"]
[Site "Rottach-Egern"]
[Date "2025.03.31"]
[Round "3.7"]
[White "Scheckenbach, Franz"]
[Black "Huhndorf, Arnold"]
[Result "1/2-1/2"]
[Annotator "RC"]
[ECO "B23"]
[WhiteElo "2045"]
[BlackElo "2094"]
[PlyCount "58"]
[EventDate "2025.03.25"]
[EventType "swiss"]
[EventCountry "GER"]
[SourceTitle "playchess.com"]
[Source "ChessBase"]
[SourceQuality "1"]
[TimeControl "9000+30"]

1. e4 c5 2. Nc3 Nc6 3. Bb5 Nd4 4. Nf3 a6 5. Bd3 g6 6. O-O Bg7 7. Re1 Nh6 8. a4 O-O 9. Bc4 d6 10. h3 Be6 11. Nd5 Nxf3+ 12. Qxf3 Bd7 13. a5 Bc6 14. Nb6 Rb8 15. d3 Nf5 16. c3 e6 17. Bf4 Kh8 18. Qe2 Ne7 19. Qe3 Nc8 20. Nxc8 Rxc8 21. Bh6 d5 22. Bxg7+ Kxg7 23. Bb3 d4 24. cxd4 Qxd4 25. Qxd4+ cxd4 26. Kf1 e5 27. Ke2 f5 28. f3 fxe4 29. fxe4 Rf6 1/2-1/2

[Event "13th Senioren-Cup Tegernsee 2025"]
[Site "Rottach-Egern"]
[Date "2025.03.31"]
[Round "3.8"]
[White "Mueller, Matthias-Michael"]
[Black "Harsch, Martin"]
[Result "1-0"]
[Annotator "RC"]
[ECO "D02"]
[WhiteElo "2307"]
[BlackElo "1952"]
[PlyCount "183"]
[EventDate "2025.03.25"]
[EventType "swiss"]
[EventCountry "GER"]
[SourceTitle "playchess.com"]
[Source "ChessBase"]
[SourceQuality "1"]
[TimeControl "9000+30"]

1. d4 d5 2. Nf3 Nf6 3. Bf4 c5 4. e3 Nc6 5. c3 Qb6 6. Qb3 c4 7. Qc2 Bf5 8. Qc1 e6 9. Nbd2 h6 10. Be2 Be7 11. O-O O-O 12. b4 cxb3 13. axb3 Rfc8 14. Qb2 Qd8 15. b4 Ne4 16. Nxe4 Bxe4 17. Rfc1 Qb6 18. Nd2 Bg6 19. Nb3 f6 20. b5 Nd8 21. c4 dxc4 22. Bxc4 Bf7 23. Bd3 Be8 24. Nd2 a6 25. Rcb1 axb5 26. Rxa8 Rxa8 27. Bxb5 Bxb5 28. Qxb5 Qxb5 29. Rxb5 Rc8 30. g4 Rc6 31. e4 Bd6 32. Be3 Kf7 33. Nb3 Rc4 34. Na5 Rb4 35. Rxb4 Bxb4 36. Nb3 Ke7 37. Kf1 Kd6 38. Ke2 Kc6 39. Kd3 b5 40. d5+ exd5 41. Nd4+ Kd7 42. exd5 Bd6 43. Nxb5 Bxh2 44. Ke4 Nf7 45. Bc5 g6 46. f4 Bg3 47. Bd4 f5+ 48. gxf5 gxf5+ 49. Kf3 Bh4 50. Be5 Be7 51. Nd4 Bd6 52. Bg7 Bxf4 53. Kxf4 Kd6 54. Nxf5+ Kxd5 55. Nh4 Ke6 56. Nf3 Ke7 57. Kf5 Nd6+ 58. Kg6 Ke6 59. Bxh6 Kd5 60. Bg7 Ke6 61. Bf6 Ne4 62. Bb2 Nd6 63. Kg5 Ne4+ 64. Kf4 Nd6 65. Be5 Kd5 66. Ng5 Nc4 67. Bc3 Nd6 68. Bb4 Nc4 69. Nf7 Ke6 70. Nh6 Kd5 71. Nf5 Nb6 72. Ne3+ Ke6 73. Ke4 Nd7 74. Nc4 Nf6+ 75. Kd4 Nd5 76. Bd2 Ne7 77. Bf4 Nd5 78. Be5 Ne7 79. Ke4 Nc6 80. Bb2 Ne7 81. Ne5 Nc6 82. Nxc6 Kd7 83. Kd5 Ke8 84. Ke6 Kf8 85. Be5 Ke8 86. Bf6 Kf8 87. Ne7 Ke8 88. Nf5 Kf8 89. Be7+ Kg8 90. Kf6 Kh8 91. Kg6 Kg8 92. Nh6+ 1-0

[Event "13th Senioren-Cup Tegernsee 2025"]
[Site "Rottach-Egern"]
[Date "2025.03.31"]
[Round "3.9"]
[White "Kutschenko, Roland"]
[Black "Pollmann, Sascha"]
[Result "1/2-1/2"]
[Annotator "NA RC"]
[ECO "A80"]
[WhiteElo "1994"]
[BlackElo "2071"]
[PlyCount "91"]
[EventDate "2025.03.25"]
[EventType "swiss"]
[EventCountry "GER"]
[SourceTitle "playchess.com"]
[Source "ChessBase"]
[SourceQuality "1"]
[TimeControl "9000+30"]

1. d4 f5 2. Bg5 g6 3. Nf3 Bg7 4. h4 d6 5. Nc3 h6 6. Bf4 Nf6 7. e3 Nc6 8. d5 e5 9. dxc6 exf4 10. cxb7 Bxb7 11. exf4 Qe7+ 12. Qe2 Bxf3 13. Qxe7+ Kxe7 14. gxf3 Rab8 15. O-O-O Rb4 16. b3 Rxf4 17. Be2 Kd7 18. Rhg1 Rxh4 19. Rxg6 Ne8 20. Nd5 Rh2 21. Bd3 Rf8 22. Ne3 Rxf2 23. Bxf5+ Kd8 24. Be4 Bf6 25. Kb1 Re2 26. Nd5 Bg5 27. a4 Nf6 28. Nxf6 Rxf6 29. Rg7 Re6 30. b4 Re7 31. Rg8+ Re8 32. Rg6 Bd2 33. b5 h5 34. Rh1 Re1+ 35. Rxe1 Bxe1 36. Rh6 h4 37. Bf5 Rf8 38. Bg4 Rf7 39. Kb2 Bg3 40. Kb3 Ke7 41. Kc4 Rf4+ 42. Kb3 Rf6 43. Rh7+ Rf7 44. Rh6 Rf6 45. Rh7+ Rf7 46. Rh6 1/2-1/2

[Event "13th Senioren-Cup Tegernsee 2025"]
[Site "Rottach-Egern"]
[Date "2025.03.31"]
[Round "3.10"]
[White "Hafner, Robert"]
[Black "Heinbuch, Detlef Ulrich"]
[Result "1/2-1/2"]
[Annotator "RC"]
[ECO "A46"]
[WhiteElo "2011"]
[BlackElo "2263"]
[PlyCount "79"]
[EventDate "2025.03.25"]
[EventType "swiss"]
[EventCountry "GER"]
[SourceTitle "playchess.com"]
[Source "ChessBase"]
[SourceQuality "1"]
[TimeControl "9000+30"]

1. d4 Nf6 2. Nf3 c5 3. e3 e6 4. Be2 cxd4 5. exd4 Be7 6. c3 O-O 7. O-O Qc7 8. Bg5 b6 9. Nbd2 Bb7 10. Re1 Re8 11. Bd3 d6 12. Qe2 Nbd7 13. Ne4 Nxe4 14. Bxe4 Bxe4 15. Qxe4 d5 16. Qe2 Bd6 17. Rad1 Nf8 18. Bc1 Rab8 19. g3 b5 20. a3 a5 21. Ne5 Bxe5 22. dxe5 Qc4 23. Be3 Qxe2 24. Rxe2 Nd7 25. f4 Rec8 26. Kf2 Rc4 27. Bd4 h5 28. Ke3 Kf8 29. Rf1 g6 30. h3 Ke7 31. Ref2 Rg8 32. Rf3 f5 33. exf6+ Nxf6 34. Bxf6+ Kxf6 35. Kd3 Re4 36. Re3 Rxe3+ 37. Kxe3 Rc8 38. Kd3 Rc4 39. Re1 a4 40. h4 1/2-1/2